 Dungeon Crawl Stone Soup version 0.31-a0-746-ge8284cb111 (webtiles) character file.

Game seed: 10567368182176643418

133 Ijustatesigmund the Firebug (level 4, -9/25 HPs)
             Began as a Deep Elf Fire Elementalist on Sept 14, 2023.
             Mangled by a gnoll
             ... wielding a +1 flail of holy wrath
              (13 damage)
             ... on level 3 of the Dungeon.
             The game lasted 00:03:05 (2295 turns).

Ijustatesigmund the Firebug (DEFE)                  Turns: 2295, Time: 00:03:06

Health: -9/25      AC:  2    Str:  5    XL:     4   Next: 93%
Magic:  2/12       EV: 12    Int: 22    God:
Gold:   111        SH:  0    Dex: 15    Spells: 4/11 levels left

rFire   . . .        d - +0 quarterstaff
rCold   . . .        (shield currently unavailable)
rNeg    . . .        a - +0 robe
rPois   .            (no helmet)
rElec   .            (no cloak)
rCorr   .            (no gloves)
SInv    .            (no boots)
Will    .....        (no amulet)
Stlth   ++           (no ring)
HPRegen 0.24/turn    (no ring)
MPRegen 0.13/turn

%: no passive effects
@: no status effects
A: no striking features
a: no special abilities


You were on level 3 of the Dungeon.
You visited 1 branch of the dungeon, and saw 3 of its levels.

You collected 111 gold pieces.

Inventory:

Hand Weapons
 d - a +0 quarterstaff (weapon)
Armour
 a - a +0 robe (worn)
 i - a +3 leather armour
Wands
 o - a wand of flame (18)
Scrolls
 c - 2 scrolls of identify {unknown}
 f - 2 scrolls of silence {unknown}
 g - 2 scrolls of teleportation {unknown}
 h - a scroll of enchant weapon {unknown}
 k - 2 scrolls of fog {unknown}
 n - a scroll of immolation {unknown}
 p - a scroll of noise {unknown}
Potions
 b - a potion of magic
 e - 2 potions of degeneration {unknown}
 j - a potion of enlightenment {unknown}
 l - a potion of haste {unknown}
 m - a potion of brilliance {unknown}


   Skills:
 + Level 1.5 Fighting
 + Level 1.3 Staves
 - Level 2.4 Dodging
 - Level 2.4 Stealth
 + Level 4.1 Spellcasting
 + Level 2.5 Conjurations
 + Level 4.1 Fire Magic


You had 4 spell levels left.
You knew the following spells:

 Your Spells              Type           Power      Damage    Failure   Level
a - Foxfire               Conj/Fire      76%        2x1d7     2%          1
b - Scorch                Fire           44%        2d6       3%          2
c - Flame Wave            Conj/Fire      19%        2d7       28%         4

Your spell library contained the following spells:

 Spells                   Type           Power      Damage    Failure   Level
 Momentum Strike          Conj/Tloc      20%        3d8       10%         2
 Inner Flame              Hex/Fire       13%        N/A       14%         3
 Volatile Blastmotes      Fire/Tloc      26%        2d12      14%         3
 Blink                    Tloc           8%         N/A       17%         2
 Lesser Beckoning         Tloc           8%         N/A       17%         2
 Gell's Gravitas          Tloc           4%         N/A       32%         3
 Ozocubu's Armour         Ice            4%         N/A       32%         3
 Teleport Other           Tloc           4%         N/A       32%         3
 Anguish                  Hex/Necr       2%         N/A       73%         4
 Cause Fear               Hex            2%         N/A       73%         4
 Enfeeble                 Hex            2%         N/A       100%        7
 Ozocubu's Refrigeration  Ice            2%         4d7       100%        7


Dungeon Overview and Level Annotations

Branches:
Dungeon (3/15)

Altars:
Ashenzari
Xom


Message History

You are very lightly contaminated with residual magic.
Nothing appears to happen.
The gnoll throws a stone.
The stone hits you.
Casting: Foxfire (safe; 3% risk of failure)
Confirm with . or Enter, or press ? or * to list all spells.
You conjure some foxfire!
The foxfire hits the gnoll but does no damage.
The gnoll is moderately wounded.
The foxfire hits the gnoll.
The gnoll is heavily wounded.
The gnoll throws a stone.
The stone hits you.
Casting: Foxfire (safe; 3% risk of failure)
Confirm with . or Enter, or press ? or * to list all spells.
You conjure some foxfire!
The foxfire hits the gnoll but does no damage.
The gnoll is heavily wounded.
The foxfire hits the gnoll.
The gnoll is severely wounded.
You hit the gnoll.
You kill the gnoll!
Your magical contamination has completely faded away.
Things that are here:
a +0 club; a stone
Casting: Foxfire (safe; 2% risk of failure)
Confirm with . or Enter, or press ? or * to list all spells.
You conjure some foxfire!
The foxfire hits the gnoll.
The gnoll is lightly wounded.
The foxfire hits the gnoll.
The gnoll is moderately wounded.
The gnoll hits you with a +1 flail of holy wrath!
Ouch! That really hurt!
* * * LOW HITPOINT WARNING * * *
Casting: Foxfire (safe; 2% risk of failure)
Confirm with . or Enter, or press ? or * to list all spells.
Flames lash the gnoll.
The gnoll is almost dead.
The gnoll's fire resistance burns away.
The gnoll hits you with a +1 flail of holy wrath!
Ouch! That really hurt!
You die...

# ......... # .......
# ...... .... ... #'#
#g######
#######@.....######
.......(ยง......#..
#####.######.#.#.#
..........#.#.#
#.###..###......#####
# ##..........#
#..........##.#
####.....#.##.#
#.....#.##.#


You could see a gnoll (combustible).

Vanquished Creatures
  2 gnolls (D:3)
  7 adders (D:2)
  2 worms
  A dart slug (D:2)
  3 endoplasms
  2 giant cockroaches (D:2)
  3 goblins
  3 hobgoblins
  A quokka (D:1)
  4 ball pythons
  6 bats
  A frilled lizard (D:2)
  6 kobolds
  5 rats
46 creatures vanquished.

Vanquished Creatures (collateral kills)
  2 foxfires (D:3)
2 creatures vanquished.

Vanquished Creatures (others)
  122 foxfires
122 creatures vanquished.

Grand Total: 170 creatures vanquished

Notes
Turn   | Place    | Note
-------+----------+-------------------------------------------
     0 | D:1      | Ijustatesigmund the Deep Elf Fire Elementalist began the
                  | quest for the Orb.
     0 | D:1      | Reached XP level 1. HP: 10/10 MP: 6/6
   302 | D:1      | Reached XP level 2. HP: 16/16 MP: 8/8
   305 | D:1      | Learned a level 2 spell: Scorch
   751 | D:2      | Found a broken altar of Ashenzari.
   762 | D:2      | Reached XP level 3. HP: 20/20 MP: 2/10
   769 | D:2      | Reached skill level 1 in Fighting
  1104 | D:2      | Reached XP level 4. HP: 23/25 MP: 7/11
  1376 | D:2      | Reached skill level 1 in Staves
  1829 | D:3      | Learned a level 4 spell: Flame Wave
  2057 | D:3      | Found a faded altar of an unknown god.
  2189 | D:3      | Found a shimmering altar of Xom.
  2295 | D:3      | Mangled by a gnoll

Illustrated notes

Levels and vault maps discovered:
D:1:      minmay_arrival_diagonal_passages, layout_basic
D:2:      layout_rooms, basic_altar, serial_forest, infiniplex_forest_end_3,
          infiniplex_forest_straight_2, infiniplex_forest_straight_4,
          infiniplex_forest_end_2, infiniplex_forest_lined_room_2,
          minmay_3d_cube
D:3:      layout_basic, xom_teletrap_fun, shapermc_ecumenical_altar_acropolis

Skill      XL: |  1  2  3  4 |
---------------+-------------+-----
Fighting       | 1 |  1.5
Conjurations   | 2 |  2.5
Fire Magic     | 4 |  4.1
Staves         | 1 |  1.3
Spellcasting   | 4 |  4.1
Dodging        | |  2.4
Stealth        | |  2.4

Action                     |  1- 3 |  4- 6 || total
---------------------------+-------+-------++-------
  Melee: Spear             |     9 |       ||     9
         Quarterstaff      |     7 |     1 ||     8
   Cast: Foxfire           |    36 |    38 ||    74
         Scorch            |     6 |    10 ||    16
 Armour: Robe              |    11 |    11 ||    22
  Dodge: Dodged            |    11 |     3 ||    14

Table legend: (Time is in decaauts)
 A = Elapsed time spent in this place.
 B = Non-inter-level travel time spent in this place.
 C = Inter-level travel time spent in this place.
 D = Time resting spent in this place.
 E = Time spent auto-exploring this place.
 F = Levels seen in this place.
 G = Mean time per level.
                   A        B        C        D        E       F      G
               +--------+--------+--------+--------+--------+-----+--------+
         Total |   2297 |   2244 |     53 |      0 |   1929 |   3 |  765.7 |
       Dungeon |   2297 |   2244 |     53 |      0 |   1929 |   3 |  765.7 |
               +--------+--------+--------+--------+--------+-----+--------+

Top non-repeatable levels by time:
     D:2: 1068 daAuts
     D:1: 727 daAuts
     D:3: 501 daAuts
